 Dungeon Crawl Stone Soup version 0.27-a0-1272-g7c8ad2e407 (webtiles) character file.

Game seed: 16236263804145138659

35 Froggeryz the Magician (level 3, -4/25 HPs)
             Began as a Djinni Air Elementalist on June 11, 2021.
             Killed from afar by Natasha (7 damage)
             ... with a magic dart
             ... on level 2 of the Dungeon.
             The game lasted 00:02:19 (1772 turns).

Froggeryz the Magician (Djinni Air Elementalist)    Turns: 1772, Time: 00:02:20

Health: -4/25      AC:  2    Str:  6 (7)  XL:     3   Next: 55%
Gold:   50         EV: 12    Int: 14 (17) God:
                   SH:  0    Dex: 12 (13)

rFire    + + .     SeeInvis .   e - staff of air
rCold    x . .     Faith    .   (no shield)
rNeg     . . .     Spirit   .   a - +0 robe
rPois    ∞         Reflect  .   (no helmet)
rElec    +         Harm     .   (no cloak)
rCorr    .         Rampage  .   (no gloves)
Will     .....                  (boots unavailable)
Stlth    ++........             (no amulet)
HPRegen  0.08/turn              (no ring)
MPRegen  0.00/turn              (no ring)

@: flying, very slightly contaminated
A: sickness immunity, fire resistance 2, cold vulnerability 1, float, innate
caster, hp casting, extra vitality 1
a: no special abilities


You were on level 2 of the Dungeon.
You visited 1 branch of the dungeon, and saw 2 of its levels.

You collected 50 gold pieces.

Inventory:

Hand Weapons
 b - a +0 short sword
Armour
 a - a +0 robe (worn)
Magical Staves
 e - a staff of air (weapon)
Scrolls
 d - a scroll of teleportation {unknown}
 g - a scroll of noise {unknown}
 h - a scroll of immolation {unknown}
Potions
 i - a potion of haste {unknown}


   Skills:
 + Level 2.9 Dodging
 - Level 1.5 Stealth
 * Level 3.1 Spellcasting


You couldn't memorise any spells.
You knew the following spells:

 Your Spells              Type           Power      Damage    Failure   Level
a - Shock                 Conj/Air       64%        1d7       6%          1
b - Static Discharge      Conj/Air       16%        N/A       9%          2
c - Swiftness             Air            16%        N/A       17%         3
d - Airstrike             Air            8%         N/A       50%         4
e - Lightning Bolt        Conj/Air       8%         1d20      85%         5
f - Sandblast             Erth           22%        2d7       6%          1
Your spell library was empty.

Dungeon Overview and Level Annotations

Branches:
Dungeon (2/15)

Altars:

Annotations:
D:2 Natasha


Innate Abilities, Weirdness & Mutations

You are immune to sickness and miasma.
You are immune to poison.
Your flesh is very heat resistant. (rF++)
You are vulnerable to cold. (rC-)
You float through the air rather than walking.
You learn spells naturally, not from books.
Your magical power is your life essence.
You have superior vitality. (+4 HP)


Message History

Natasha drinks a potion.
Natasha is healed!
You feel a surge of power!
The zap hits the iron imp.
The iron imp resists.
The iron imp is lightly wounded.
Natasha stares at you and mumbles some strange words.
The magic dart hits you.
Natasha mumbles some strange words.
Natasha shimmers violently.
There is an open door here.
There is an open door here.
You start resting.
Natasha mumbles some strange words.
Natasha glows brightly for a moment.
Natasha is nearby!
Casting: Shock (safe; 4% risk of failure)
Confirm with . or Enter, or press ? or * to list all spells.
Aiming: Shock (safe; 4% risk of failure)
Press: ? - help, Shift-Dir - straight line You feel a surge of power!
You miscast Shock.
You are very lightly contaminated with residual magic.
Nothing appears to happen.
Natasha claws you!
Natasha is nearby!
Casting: Shock (safe; 4% risk of failure)
Confirm with . or Enter, or press ? or * to list all spells.
Aiming: Shock (safe; 4% risk of failure)
Press: ? - help, Shift-Dir - straight line You feel a surge of power!
The zap hits Natasha.
Natasha is lightly wounded.
The zap misses Natasha.
The zap misses you. Natasha casts a spell at you. The magic dart hits you!
* * * LOW HITPOINT WARNING * * *
It was a potion of flight.
You feel more buoyant. Natasha claws you but does no damage.
It was a potion of degeneration.
There was something very wrong with that liquid.
You feel weakened.
You feel dopey.
You feel clumsy.
Natasha stares at you and mumbles some strange words.
The magic dart hits you!
You die...

#.....##....)....#..#
####.###########.#.....
..<#.# ####'#+####.#
.#.#.# #....(......
...#.# #.......####
##.#.# #.......#
##+#'###### #.......#
#.........# #.......#
#..)......# ####@####
#.........# #h####
#.........# #5...#
#.........#
#####'#####...
#.........#
#............#
#.........#
#>...........#
#.........#
#............#
..........#
#.............
.)..#######
#....5........


You could see an iron imp (summoned) and Natasha.

Vanquished Creatures
  3 giant cockroaches (D:1)
  2 goblins
  2 hobgoblins (D:1)
  2 jackals (D:2)
  A quokka (D:1)
  4 ball pythons (D:1)
  2 bats (D:2)
  4 frilled lizards
  11 kobolds
  3 rats (D:1)
34 creatures vanquished.

Notes
Turn   | Place    | Note
-------+----------+-------------------------------------------
     0 | D:1      | Froggeryz the Djinni Air Elementalist began the quest for
                  | the Orb.
     0 | D:1      | Reached XP level 1. HP: 15/15 MP: 0/0
   216 | D:1      | Reached XP level 2. HP: 8/21 MP: 0/0
   958 | D:1      | Reached XP level 3. HP: 23/25 MP: 0/0
   958 | D:1      | Learned a level 1 spell: Sandblast
  1015 | D:1      | Reached skill level 3 in Spellcasting
  1492 | D:2      | Found a faded altar of an unknown god.
  1755 | D:2      | Noticed Natasha
  1772 | D:2      | Killed from afar by Natasha

Illustrated notes

Levels and vault maps discovered:
D:1:      dpeg_arrival_oval, layout_loops_ring, due_unseen_surprise
D:2:      layout_basic, hellmonk_ecumenical_altar_run_dry, uniq_jessica,
          uniq_crazy_yiuf_cottage, uniq_robin, uniq_natasha

Skill      XL: |  1  2  3 |
---------------+----------+-----
Spellcasting   | 3 |  3.1
Dodging        | |  2.9
Stealth        | |  1.5

Action                   || total
-------------------------++-------
 Cast: Shock             ||    64
  Use: Potion            ||     2
Armor: Robe              ||     2
Dodge: Dodged            ||     5

Table legend: (Time is in decaauts)
 A = Elapsed time spent in this place.
 B = Non-inter-level travel time spent in this place.
 C = Inter-level travel time spent in this place.
 D = Time resting spent in this place.
 E = Time spent auto-exploring this place.
 F = Levels seen in this place.
 G = Mean time per level.
                   A        B        C        D        E       F      G
               +--------+--------+--------+--------+--------+-----+--------+
         Total |   1770 |   1730 |     40 |      4 |   1573 |   2 |  885.0 |
       Dungeon |   1770 |   1730 |     40 |      4 |   1573 |   2 |  885.0 |
               +--------+--------+--------+--------+--------+-----+--------+

Top non-repeatable levels by time:
     D:1: 1486 daAuts
     D:2: 284 daAuts
